[Event "Early-Titled-Tuesday-Blitz-February-20-2024"]
[Site "Chess.com"]
[Date "2024.02.20"]
[Round "4"]
[White "artooon"]
[Black "joshdaruca"]
[Result "1-0"]
[WhiteElo "3050"]
[BlackElo "2768"]
[TimeControl "180+1"]
[EndTime "8:38:28 PST"]
[Termination "artooon won by resignation"]

1. e4 e6 2. d4 d5 3. Nd2 a6 4.
Ngf3 c5 5. c3 Nc6 6. e5 Qb6 7.
Nb3 cxd4 8. cxd4 Bd7 9. Bd2 Rc8 10. Be2 Nge7 11. O-O Nf5 12. Bc3 Bb4 13. Bd3 Bxc3 14. bxc3 Nfe7 15. Nc5 Qa7 16. Ng5 Nxe5 17. Bxh7 Rxc5 18.
dxc5 g6 19. Qd4 f6 20. f4 Nf5 21. fxe5 Nxd4 22. Bxg6+ Kd8 23. Nf7+ Kc7 24. cxd4 Rg8 25. exf6 Rxg6 26. Ne5 Rg8 27. f7 Rf8 28. Ng6 Qb8 29.
Rae1 Qd8 30. h4 Bb5 31. Rf2 Rxf7 32. Rxf7+ Kb8 33. Rf8 Be8 34. Rxe6 1-0

[Event "Early-Titled-Tuesday-Blitz-February-20-2024"]
[Site "Chess.com"]
[Date "2024.02.20"]
[Round "4"]
[White "mbojan"]
[Black "zverr1"]
[Result "1-0"]
[WhiteElo "2857"]
[BlackElo "2531"]
[TimeControl "180+1"]
[EndTime "8:38:28 PST"]
[Termination "mbojan won by checkmate"]

1. e4 c5 2. Nf3 Nc6 3. Bb5 h5 4. O-O h4 5. h3 f6 6. c3 a6 7.
Bxc6 dxc6 8. d4 g5 9. Nh2 Qb6 10. Na3 Be6 11. dxc5 Qxc5 12. Be3 Qa5 13. Qe2 O-O-O 14.
Nc4 Qc7 15. Nb6+ Kb8 16. Rfd1 Bg7 17. Rxd8+ Qxd8 18. Rd1 Qc7 19. Nf3 Nh6 20. Nd4 Bf7 21. Nb3 Rd8 22. Nc5 Rxd1+ 23. Qxd1 Qd6 24. Qa4 f5 25.
Nxa6+ bxa6 26. Qxa6 Qd1+ 27. Kh2 Be5+ 28. f4 gxf4 29.
Qa8+ Kc7 30. Qa7+ Kd8 31. Bd4 f3+ 32. Bxe5 f2 33. Qb8# 1-0

[Event "Early-Titled-Tuesday-Blitz-February-20-2024"]
[Site "Chess.com"]
[Date "2024.02.20"]
[Round "4"]
[White "Beca95"]
[Black "LyonBeast"]
[Result "0-1"]
[WhiteElo "2880"]
[BlackElo "3188"]
[TimeControl "180+1"]
[EndTime "8:38:30 PST"]
[Termination "LyonBeast won by resignation"]

1. e4 c5 2. Nf3 d6 3. d4 cxd4 4. Nxd4 Nf6 5. Nc3 a6 6. Bc4 e6 7. Bb3 Nbd7 8. f4 Nc5 9. e5 Nfd7 10. f5 Nxb3 11. axb3 Nxe5 12. fxe6 Qh4+ 13. g3 Qxd4 14.
exf7+ Kd7 15. Qe2 Qg4 16. Nd5 Qxe2+ 17. Kxe2 Kc6 18. Nb4+ Kb5 19. Bd2 Bg4+ 20. Kf2 d5 21.
Nxd5 Kc6 22. c4 Bc5+ 23. Be3 Raf8 24. Bxc5 Rxf7+ 25. Ke3 Kxc5 26. Ra5+ Kd6 27. Nf4 Re8 28. Kd2 Kc7 29. Kc3 Nc6 30. Rg5 Bf5 31. Nd5+ Kb8 32.
Rf1 Ref8 33. Rf4 h6 34. Rh5 Bg6 35. Rhh4 Rxf4 36. gxf4 Bf5 37. Ne3 Ne7 38. Rh5 Kc7 39. Kd4 Kd6 40. b4 Ke6 41. b5 axb5 42. cxb5 b6 43.
Nc4 Rd8+ 44. Ke3 Nd5+ 45. Kf3 Nf6 46. Rh4 Rd3+ 47. Ke2 Rb3 48. Nxb6 Rxb2+ 0-1

[Event "Early-Titled-Tuesday-Blitz-February-20-2024"]
[Site "Chess.com"]
[Date "2024.02.20"]
[Round "4"]
[White "VladimirKramnik"]
[Black "Rodalquilar"]
[Result "1-0"]
[WhiteElo "2959"]
[BlackElo "2752"]
[TimeControl "180+1"]
[EndTime "8:38:31 PST"]
[Termination "VladimirKramnik won by resignation"]

1. e4 d5 2. exd5 Qxd5 3. Nc3 Qa5 4. Nf3 Nf6 5. d4 Bf5 6. Bc4 e6 7. Bd2 Bb4 8. Nb5 Bxd2+ 9. Qxd2 Qxd2+ 10. Kxd2 Ne4+ 11.
Ke3 Nd6 12. Nxd6+ cxd6 13. c3 Nd7 14. Rae1 h6 15. Kd2 Nb6 16. Bb3 Kd7 17. Nh4 Bh7 18.
f4 g5 19. fxg5 hxg5 20. Nf3 Rag8 21. Rhf1 Bf5 22. d5 g4 23. Nd4 Rxh2 24. dxe6+ fxe6 25. Nxf5 Rxg2+ 26. Kc1 d5 27. Nd4 Rg6 28. Rf7+ Kd6 29. Rxb7 Nd7 30. Rxa7 Nc5 31. Bc2 Rh6 32. b4 Rxc2+ 33.
Kxc2 Rh2+ 34. Re2 Rxe2+ 35. Nxe2 Ne4 36. Rg7 1-0

[Event "Early-Titled-Tuesday-Blitz-February-20-2024"]
[Site "Chess.com"]
[Date "2024.02.20"]
[Round "4"]
[White "Barmen_EV"]
[Black "Khromkin"]
[Result "1-0"]
[WhiteElo "2522"]
[BlackElo "2327"]
[TimeControl "180+1"]
[EndTime "8:38:31 PST"]
[Termination "Barmen_EV won on time"]

1. e4 c5 2. c3 d5 3. exd5 Qxd5 4. d4 Nc6 5. Nf3 Bg4 6. Be2 cxd4 7. cxd4 e6 8. O-O Nf6 9. Nc3 Qa5 10. h3 Bh5 11.
Qb3 Qb4 12. Qd1 Rd8 13. a3 Qb6 14. Be3 Nd5 15. Nxd5 exd5 16. Re1 Be7 17. b4 O-O 18. Qb3 Bf6 19. Rad1 Bxf3 20. Bxf3 Nxd4 21. Bxd4 Bxd4 22. Re2 Rfe8 23. Red2 Be5 24. Bxd5 Rd7 25. Rd3 Rde7 26. Rf3 Bf6 27. g3 h6 28. Kg2 Kf8 29. a4 a5 30. b5 Rd8 31. h4 Red7 32. Rfd3 Qc5 33. Bxb7 Rxd3 34. Rxd3 Rxd3 35. Qxd3 Bd4 36. Bf3 1-0

[Event "Early-Titled-Tuesday-Blitz-February-20-2024"]
[Site "Chess.com"]
[Date "2024.02.20"]
[Round "4"]
[White "alpope"]
[Black "Karina_Ivanova"]
[Result "1-0"]
[WhiteElo "2500"]
[BlackElo "2278"]
[TimeControl "180+1"]
[EndTime "8:38:33 PST"]
[Termination "alpope won by resignation"]

1. Nf3 Nf6 2. b3 g6 3. Bb2 Bg7 4. g3 O-O 5. Bg2 d5 6. O-O c5 7. e3 Nc6 8. c4 Bg4 9. h3 Bf5 10. d3 dxc4 11. dxc4 Qxd1 12. Rxd1 Rfd8 13. Na3 Be4 14.
Nb5 Bc2 15. Rdc1 Bd3 16. Ne5 Nxe5 17. Bxe5 Rd7 18. Rd1 a6 19. Nc7 Rc8 20. Nd5 Bf5 21. Nb6 Rxd1+ 22. Rxd1 Re8 23. Bxb7 a5 24. Bc6 Rf8 25.
g4 Be6 26. Na4 h5 27. g5 Nh7 28. Bxg7 Kxg7 29. h4 Rc8 30. Bd7 Bxd7 31. Rxd7 e6 32. Ra7 1-0

[Event "Early-Titled-Tuesday-Blitz-February-20-2024"]
[Site "Chess.com"]
[Date "2024.02.20"]
[Round "4"]
[White "Skatchkov_V"]
[Black "sergoy"]
[Result "0-1"]
[WhiteElo "2616"]
[BlackElo "2984"]
[TimeControl "180+1"]
[EndTime "8:38:34 PST"]
[Termination "sergoy won by resignation"]

1. d4 Nf6 2. c4 e6 3. Nf3 b6 4. g3 Ba6 5. b3 Bb4+ 6. Bd2 Be7 7.
Bg2 d5 8. O-O O-O 9. Bc3 Nbd7 10.
Nbd2 c5 11. Re1 Rc8 12. Rc1 cxd4 13. Bxd4 Bb4 14. Rf1 Qe7 15. cxd5 exd5 16. Re1 Ne4 17. Rc2 Ndc5 18. a3 Nxd2 19. axb4 Ncxb3 20. Rxc8 Rxc8 21. Bb2 Qxb4 22. Ne5 Qd6 23. e3 Re8 24. f4 f6 25.
Nf3 Nxf3+ 26. Bxf3 Bc4 27. e4 Qc5+ 28. Kg2 d4 29. e5 fxe5 30. fxe5 Rxe5 31. Rxe5 Qxe5 32. Bg4 Bd5+ 33. Kh3 Be6 34. Qd3 Bxg4+ 35. Kxg4 Nc5 36.
Qc4+ Qe6+ 0-1

[Event "Early-Titled-Tuesday-Blitz-February-20-2024"]
[Site "Chess.com"]
[Date "2024.02.20"]
[Round "4"]
[White "K_A_S_T_O_R"]
[Black "dmosesov"]
[Result "1-0"]
[WhiteElo "2853"]
[BlackElo "2580"]
[TimeControl "180+1"]
[EndTime "8:38:35 PST"]
[Termination "K_A_S_T_O_R won by resignation"]

1. e4 Nf6 2. e5 Nd5 3. d4 d6 4. Nf3 g6 5. Bc4 Nb6 6. Bb3 Bg7 7. Ng5 e6 8. Qf3 Qe7 9. Ne4 dxe5 10. dxe5 Nc6 11. Nf6+ Kf8 12. Bf4 Nd7 13. Nxd7+ Bxd7 14. Qe3 h6 15. Nc3 Kg8 16. O-O-O Rd8 17. h4 Bc8 18. g3 Rxd1+ 19. Rxd1 Kh7 20. Ba4 Bd7 21. Qd2 Be8 22.
Qe3 Bd7 23. a3 Rd8 24. Rd3 a6 25. Qe4 b5 26. Bb3 Na5 27. Ba2 Bc6 28. Qe3 Rxd3 29.
Qxd3 Qd7 30. Qxd7 Bxd7 31. Ne4 Nb7 32. b4 Bc6 33. Nf6+ Kh8 34. Kd2 Nd8 35. c4 bxc4 36. Bxc4 Bb7 37. Nd7 Nc6 38. Nc5 Bc8 39. Bxa6 Bxa6 40.
Nxa6 Bxe5 41. Bxe5+ Nxe5 42. Kc3 Kg7 43. Nxc7 Kf6 44.
a4 Nd7 45. a5 Ke5 46. b5 Kd6 47. b6 Kc6 48. Kb4 e5 49. Nb5 f5 50. Na7+ Kd6 51.
Kb5 e4 52. Nc6 g5 53. hxg5 hxg5 54. b7 f4 55. gxf4 gxf4 56. a6 e3 57. fxe3 fxe3 58. a7 e2 59. b8=Q+ Kd5 60. Qe8 1-0

[Event "Early-Titled-Tuesday-Blitz-February-20-2024"]
[Site "Chess.com"]
[Date "2024.02.20"]
[Round "4"]
[White "Dixit_Nikhil"]
[Black "agvania123"]
[Result "1/2-1/2"]
[WhiteElo "2600"]
[BlackElo "2415"]
[TimeControl "180+1"]
[EndTime "8:38:35 PST"]
[Termination "Game drawn by repetition"]

1. e4 d5 2. exd5 Qxd5 3. Nc3 Qd8 4. d4 Nf6 5. g3 c6 6. Bg2 g6 7. Nge2 Bg7 8. O-O O-O 9. Bf4 Nbd7 10. Qd2 e6 11.
Bh6 Nb6 12. Bxg7 Kxg7 13. Rad1 Nbd5 14. Nxd5 cxd5 15. c3 b5 16. h4 h5 17. Qf4 a5 18.
Nc1 Ba6 19. Rfe1 Qb8 20. Qxb8 Rfxb8 21. Nd3 b4 22. Nc5 bxc3 23. bxc3 Bc8 24. Rb1 Nd7 25. Nxd7 Bxd7 26. Bf1 a4 27. Bd3 Rc8 28. Rb7 Bc6 29.
Rb6 Be8 30. Rc1 Rab8 31. Rxb8 Rxb8 32. Rb1 Rxb1+ 33. Bxb1 Bb5 34. f4 a3 35. Kf2 Bc4 36. Ke3 Kf8 37. Kd2 Ke7 38. Ke3 Kd6 39. Kd2 Ke7 40.
Ke3 Kd6 41. Kd2 Ke7 1/2-1/2

[Event "Early-Titled-Tuesday-Blitz-February-20-2024"]
[Site "Chess.com"]
[Date "2024.02.20"]
[Round "4"]
[White "Felix-Rose"]
[Black "Saxar85"]
[Result "0-1"]
[WhiteElo "2282"]
[BlackElo "2719"]
[TimeControl "180+1"]
[EndTime "8:38:35 PST"]
[Termination "Saxar85 won on time"]

1. e4 e5 2. Nf3 Nc6 3. Bb5 a6 4.
Ba4 Nf6 5. d3 d6 6. c3 g6 7.
Nbd2 Bg7 8. h3 O-O 9. Nf1 Nh5 10. Ne3 Be6 11. Bb3 Kh8 12. g3 Qd7 13. Ng5 Bxb3 14. axb3 Ne7 15. c4 f6 16. Nf3 f5 17. Nd5 Rae8 18. Bg5 Nxd5 19. cxd5 c6 20. dxc6 Qxc6 21.
Qc1 Qxc1+ 22. Rxc1 fxe4 23. Nd2 exd3 24. Rc7 d5 25.
Rxb7 e4 26. O-O Bd4 27. Rd7 Rf5 28. Bh4 g5 29. g4 Rfe5 30. gxh5 gxh4 31. Kh2 Rg8 32.
Rc1 Reg5 33. Kh1 Bxf2 0-1

[Event "Early-Titled-Tuesday-Blitz-February-20-2024"]
[Site "Chess.com"]
[Date "2024.02.20"]
[Round "4"]
[White "paladin_ll"]
[Black "koncheto"]
[Result "1-0"]
[WhiteElo "2233"]
[BlackElo "2410"]
[TimeControl "180+1"]
[EndTime "8:38:35 PST"]
[Termination "paladin_ll won on time"]

1. Nf3 Nf6 2. c4 e6 3. d4 c5 4. Nc3 cxd4 5. Nxd4 Nc6 6. g3 a6 7. Bg2 Qc7 8. b3 Be7 9. O-O O-O 10. Bb2 d6 11. Rc1 Nxd4 12. Qxd4 Bd7 13. Rfd1 Rfd8 14. Ne4 Bc6 15. Qd3 Rac8 16. Nxf6+ Bxf6 17. Bxf6 gxf6 18. Qe3 Bxg2 19. Kxg2 Qc5 20. Qxc5 Rxc5 21. Rc2 Kf8 22. Rcd2 Ke7 23. Kf3 b5 24. cxb5 axb5 25. a4 Rc3+ 26. Rd3 Rxd3+ 27. Rxd3 Ra8 28. Rd4 bxa4 29. bxa4 d5 30.
Rb4 Ra7 31. h4 f5 32. Kf4 Kf6 33. Ke3 Ra6 34. f4 h5 35. Kd4 Rc6 36. a5 Rc2 37. Kd3 Ra2 38. Rb5 Ra3+ 39. Kd4 Rxg3 40. e3 Rg1 41. Kc5 Ra1 42. Kb6 e5 43. Rxd5 e4 44. a6 Ra3 45. Ra5 Rb3+ 46. Kc5 1-0

[Event "Early-Titled-Tuesday-Blitz-February-20-2024"]
[Site "Chess.com"]
[Date "2024.02.20"]
[Round "4"]
[White "MyDream003"]
[Black "Pingah9"]
[Result "1-0"]
[WhiteElo "2736"]
[BlackElo "2532"]
[TimeControl "180+1"]
[EndTime "8:38:36 PST"]
[Termination "MyDream003 won by checkmate"]

1. Nf3 g6 2. d4 f5 3. g3 Bg7 4. Bg2 Nf6 5. O-O O-O 6. c4 d6 7.
Nc3 Nc6 8. d5 Ne5 9. Nxe5 dxe5 10. e4 f4 11. gxf4 exf4 12. e5 Ng4 13. e6 Ne5 14.
Be4 Nxc4 15. Kh1 Nd6 16. Bf3 b6 17. Ne2 g5 18. Rg1 h6 19. h4 Rf5 20. Nd4 Bxd4 21. Qxd4 Qf8 22. Bd2 c5 23. Qd3 Qf6 24. Bc3 Qg6 25.
Rg2 Bb7 26. Rag1 Raf8 27. b3 Kh7 28. Bb2 Rxd5 29. Qc3 Qxe6 30. Qg7# 1-0

[Event "Early-Titled-Tuesday-Blitz-February-20-2024"]
[Site "Chess.com"]
[Date "2024.02.20"]
[Round "4"]
[White "jeetjain"]
[Black "GMAkobianSTL"]
[Result "0-1"]
[WhiteElo "2516"]
[BlackElo "2808"]
[TimeControl "180+1"]
[EndTime "8:38:38 PST"]
[Termination "GMAkobianSTL won by resignation"]

1. d4 e6 2. c4 f5 3. Nc3 Nf6 4. g3 Bb4 5. Bg2 O-O 6. Qb3 Bxc3+ 7.
Qxc3 Ne4 8. Qc2 Nc6 9. Bxe4 fxe4 10. Qxe4 d5 11. cxd5 exd5 12. Qd3 Bf5 13. Qc3 Qf6 14.
Be3 Rae8 15. Nf3 Be4 16. O-O Bxf3 17. exf3 Qxf3 18. Bf4 Rxf4 19. gxf4 Qxf4 20. Rae1 Rf8 21. Qg3 Nxd4 22. Qxf4 Rxf4 23. Re7 Rf7 24. Rxf7 Kxf7 25. Rd1 c5 26. Kg2 Ne6 27. Kf3 Nc7 28. b3 Kf6 29.
Kf4 b5 30. Rc1 a5 31. Ke3 Ne6 32. a4 b4 33. f3 g5 34. Rd1 Ke5 35. Rc1 h5 36.
Rc2 h4 37. Rc1 Kd6 38. Rg1 c4 39. bxc4 dxc4 40. Rc1 c3 41. Ke4 Nc5+ 42. Kd4 Nb3+ 0-1

[Event "Early-Titled-Tuesday-Blitz-February-20-2024"]
[Site "Chess.com"]
[Date "2024.02.20"]
[Round "4"]
[White "mortngabriel"]
[Black "DarkAlekhine"]
[Result "0-1"]
[WhiteElo "2528"]
[BlackElo "2840"]
[TimeControl "180+1"]
[EndTime "8:38:39 PST"]
[Termination "DarkAlekhine won by resignation"]

1. e4 c5 2. Nf3 d6 3. Bb5+ Nd7 4.
O-O a6 5. Bd3 Ngf6 6. Re1 e6 7.
c3 b5 8. a4 c4 9. Bc2 Bb7 10.
axb5 axb5 11. Rxa8 Qxa8 12. Na3 Bxe4 13. Bxe4 Nxe4 14. d3 cxd3 15. Qxd3 d5 16. Nxb5 Qb7 17. Bf4 Bc5 18. Be3 O-O 19. b4 Bxe3 20. Rxe3 Ra8 21.
g3 h6 22. c4 Ra2 23. Re2 Rxe2 24. Qxe2 dxc4 25. Qxc4 Ndf6 26. Ne5 Qa6 27. Nc3 Qa1+ 0-1

[Event "Early-Titled-Tuesday-Blitz-February-20-2024"]
[Site "Chess.com"]
[Date "2024.02.20"]
[Round "4"]
[White "topce"]
[Black "Ezov"]
[Result "0-1"]
[WhiteElo "2371"]
[BlackElo "2179"]
[TimeControl "180+1"]
[EndTime "8:38:40 PST"]
[Termination "Ezov won by resignation"]

1. c4 e5 2. Nc3 f5 3. e3 Nf6 4. Nge2 Nc6 5. d4 g6 6. d5 Ne7 7. d6 Nc6 8. Nb5 cxd6 9. Nxd6+ Bxd6 10. Qxd6 Qe7 11. Qxe7+ Kxe7 12. b3 Nb4 13. Ba3 a5 14. Nc3 d6 15. O-O-O Bd7 16. f3 Bc6 17. Kb2 Rhd8 18.
Be2 e4 19. f4 d5 20. cxd5 Nxd5 21. Nxd5+ Bxd5 22. Rd4 Rac8 23. Bxb4+ axb4 24. Rxb4 Bc6 25. Rd1 Rxd1 26. Bxd1 Rd8 27. Rd4 Rxd4 28. exd4 e3 29. Bf3 Bxf3 30. gxf3 e2 0-1

[Event "Early-Titled-Tuesday-Blitz-February-20-2024"]
[Site "Chess.com"]
[Date "2024.02.20"]
[Round "4"]
[White "pfalcon1949"]
[Black "Ati1517"]
[Result "0-1"]
[WhiteElo "1971"]
[BlackElo "2237"]
[TimeControl "180+1"]
[EndTime "8:38:41 PST"]
[Termination "Ati1517 won on time"]

1. e4 c5 2. Nf3 d6 3. d4 cxd4 4. Nxd4 Nf6 5. Nc3 a6 6. h3 e6 7. Nf3 Be7 8. g4 O-O 9. g5 Nfd7 10. h4 b5 11. Be3 Bb7 12. a3 Nc5 13. Bd3 Nbd7 14. h5 Rc8 15. Qd2 Nxd3+ 16. cxd3 Nc5 17. Rd1 d5 18. g6 dxe4 19. gxh7+ Kxh7 20. h6 Nxd3+ 21. Kf1 g6 22. Ng5+ Bxg5 23. Bxg5 f6 24. Be3 f5 25. f3 Qd6 26. f4 e5 27. fxe5 Qxe5 28. Rh4 f4 29. Bg1 Qg5 30. Rh2 Qg4 0-1

[Event "Early-Titled-Tuesday-Blitz-February-20-2024"]
[Site "Chess.com"]
[Date "2024.02.20"]
[Round "4"]
[White "lachesisQ"]
[Black "DavidGavrilescu18"]
[Result "1-0"]
[WhiteElo "3048"]
[BlackElo "2765"]
[TimeControl "180+1"]
[EndTime "8:38:42 PST"]
[Termination "lachesisQ won by resignation"]

1. e4 e6 2. d4 d5 3. e5 c5 4. c3 Nc6 5. Nf3 Bd7 6. Be2 Nge7 7. O-O Nf5 8. Na3 cxd4 9. cxd4 Be7 10. Nc2 f6 11. Ne3 Nxe3 12. Bxe3 O-O 13. exf6 Bxf6 14. Bd3 Be8 15. h3 Rc8 16. a3 Bh5 17. g4 Be8 18.
Rc1 h6 19. Re1 Ne7 20. Rxc8 Qxc8 21. g5 hxg5 22. Nxg5 Nf5 23. Qg4 Bxg5 24. Bxg5 Bg6 25. Bf4 Kh7 26. Be5 Rf7 27. Kh2 Qe8 28. Rg1 Re7 29.
Qg5 Qf7 30. Rg4 Rd7 31. h4 a6 32. h5 Bxh5 33. Rh4 g6 34. Rh3 Qe7 35. Bf6 Qd6+ 36. Kg2 Qf8 37. Bxf5 exf5 38. Rxh5+ gxh5 39. Qxf5+ Kg8 40. Qxd7 Qxf6 41. Qxd5+ Kf8 42. Qf3 Ke7 43. Qxf6+ Kxf6 44. f4 Kf5 45. d5 Kf6 46. Kh3 Ke7 47. f5 Kd6 48. f6 1-0

[Event "Early-Titled-Tuesday-Blitz-February-20-2024"]
[Site "Chess.com"]
[Date "2024.02.20"]
[Round "4"]
[White "Goffredo_Fofi"]
[Black "ValentunHulka"]
[Result "0-1"]
[WhiteElo "2549"]
[BlackElo "2776"]
[TimeControl "180+1"]
[EndTime "8:38:42 PST"]
[Termination "ValentunHulka won on time"]

1. e4 e5 2. Nc3 Nf6 3. g3 d5 4. exd5 Nxd5 5. Bg2 Nxc3 6. bxc3 Nc6 7. Nf3 Bc5 8. O-O O-O 9. Rb1 Rb8 10. d3 h6 11. Be3 Bb6 12. Nd2 Be6 13. c4 f5 14.
Re1 f4 15. Bxb6 axb6 16. Ne4 Ra8 17. Ra1 Qd4 18. c3 Qd7 19. Qc2 Rad8 20. Rad1 Bg4 21.
Rd2 Bh3 22. Bh1 Kh8 23. c5 b5 24. Qb3 fxg3 25. hxg3 b4 26. cxb4 Bg4 27. Qc4 Nd4 28.
Bg2 Bf3 29. Re3 Qg4 30. Rxf3 Rxf3 31. Nc3 Rff8 32. Nb5 Nf3+ 33. Bxf3 Qxc4 34. dxc4 Rxd2 35.
Bxb7 Rfxf2 36. Nxc7 Rxa2 37. Bd5 Rfd2 0-1

[Event "Early-Titled-Tuesday-Blitz-February-20-2024"]
[Site "Chess.com"]
[Date "2024.02.20"]
[Round "4"]
[White "PattyCastillo"]
[Black "BallottiLuca"]
[Result "1-0"]
[WhiteElo "1960"]
[BlackElo "2414"]
[TimeControl "180+1"]
[EndTime "8:38:43 PST"]
[Termination "PattyCastillo won by resignation"]

1. d4 f5 2. Nf3 Nf6 3. e3 e6 4. Bd3 b6 5. O-O Bb7 6. c4 Be7 7. Nc3 O-O 8. Qc2 Qe8 9. e4 Qh5 10.
d5 fxe4 11. Nxe4 exd5 12. Nxf6+ Bxf6 13. Be3 d4 14. Nxd4 Bxd4 15. Bxd4 Qg4 16. Bxh7+ Kh8 17. f4 Nc6 18. Bc3 Ne7 19. Be4 d5 20. Bf3 Qd7 21.
Rae1 d4 22. Bxb7 dxc3 23. Bxa8 Rxa8 24. Qe4 Nf5 25. Qxa8+ Kh7 26. Qe4 g6 27. bxc3 Qd6 28. g4 Qc5+ 29. Rf2 Nh4 30. Qe7+ 1-0

[Event "Early-Titled-Tuesday-Blitz-February-20-2024"]
[Site "Chess.com"]
[Date "2024.02.20"]
[Round "4"]
[White "NovozhilovSemen"]
[Black "IndianSchoolOfSuffering"]
[Result "0-1"]
[WhiteElo "2668"]
[BlackElo "2440"]
[TimeControl "180+1"]
[EndTime "8:38:45 PST"]
[Termination "IndianSchoolOfSuffering won by checkmate"]

1. d4 Nf6 2. Nf3 c5 3. d5 e6 4.
c4 exd5 5. cxd5 d6 6. Nc3 a6 7. a4 g6 8. h3 Bg7 9. e4 O-O 10. Bd3 Re8 11. O-O c4 12. Bc2 Nbd7 13. Nd2 Qc7 14. Qe2 Ne5 15. f4 Nd3 16. Bxd3 cxd3 17.
Qxd3 Rb8 18. Kh2 Nd7 19. Re1 Nc5 20. Qf1 Bd7 21. Ra3 b5 22. axb5 axb5 23. Na2 b4 24. Rf3 Bb5 25. Qg1 Nd3 26. Rd1 Ra8 27. Rxd3 Bxd3 28.
Nxb4 Bxe4 29. Nxe4 Rxe4 30. Nc6 Rae8 31. b4 Qb7 32.
Qf2 Re2 33. Qf3 Qb5 34. f5 Be5+ 35. Nxe5 R8xe5 36. fxg6 hxg6 37. Qf6 Rxg2+ 38. Kxg2 Qe2+ 39. Kg3 Qxd1 40. Bh6 Qg1+ 41. Kh4 Rh5# 0-1

[Event "Early-Titled-Tuesday-Blitz-February-20-2024"]
[Site "Chess.com"]
[Date "2024.02.20"]
[Round "4"]
[White "KanalSzachowy"]
[Black "Iskusnyh"]
[Result "1-0"]
[WhiteElo "2438"]
[BlackElo "2666"]
[TimeControl "180+1"]
[EndTime "8:38:47 PST"]
[Termination "KanalSzachowy won on time"]

1. e4 e6 2. d4 d5 3. Nc3 Nf6 4. e5 Nfd7 5. f4 c5 6. Nf3 Nc6 7. Be3 Rb8 8. a3 cxd4 9. Nxd4 Bc5 10. Qd2 O-O 11. O-O-O a6 12. h4 Bxd4 13. Bxd4 b5 14. Qf2 b4 15. axb4 Rxb4 16. Bc5 Nxc5 17. Qxc5 Bd7 18.
Bd3 Rxf4 19. Qe3 Rb4 20. g4 Qb6 21. Qxb6 Rxb6 22. Rhe1 Rfb8 23. Na4 Rb4 24. Nc5 Bc8 25. g5 Rxb2 26. Kd2 g6 27. h5 gxh5 28. Rh1 Nxe5 29. Rxh5 Nxd3 30. Nxd3 R2b5 31. Rdh1 Kf8 32. Rxh7 Bd7 33.
g6 Be8 34. g7+ Kg8 35. Rg1 1-0

[Event "Early-Titled-Tuesday-Blitz-February-20-2024"]
[Site "Chess.com"]
[Date "2024.02.20"]
[Round "4"]
[White "AlexeiShirov"]
[Black "masnyszachistaaa"]
[Result "1-0"]
[WhiteElo "2845"]
[BlackElo "2570"]
[TimeControl "180+1"]
[EndTime "8:38:48 PST"]
[Termination "AlexeiShirov won by resignation"]

1. e4 e5 2. Nf3 Nc6 3. Bb5 a6 4.
Ba4 Nf6 5. O-O Nxe4 6. d4 exd4 7. Re1 d5 8. Nxd4 Bd6 9. Nxc6 Bxh2+ 10. Kf1 Qh4 11.
Be3 O-O 12. Nd4 Bg4 13. Nf3 Qh5 14. Bb3 c6 15. Nc3 Bc7 16. Kg1 Bh2+ 17. Nxh2 Bxd1 18. Raxd1 Nxc3 19. bxc3 Rfe8 20. Rd4 b5 21. Nf3 h6 22. Rh4 Qg6 23. Rh3 f6 24. Rg3 Qh5 25.
Rd1 Re7 26. Rd4 Rae8 27. Rh4 Qf5 28. Rxh6 Rxe3 29. fxe3 Rxe3 30. Rhg6 Kf8 31. Rxg7 Qe6 32. Nd4 Re1+ 33. Kf2 Qe5 34. Rg8+ Ke7 35. Nxc6+ 1-0

[Event "Early-Titled-Tuesday-Blitz-February-20-2024"]
[Site "Chess.com"]
[Date "2024.02.20"]
[Round "4"]
[White "bipe137"]
[Black "Shivananda1964"]
[Result "1-0"]
[WhiteElo "2522"]
[BlackElo "2327"]
[TimeControl "180+1"]
[EndTime "8:38:48 PST"]
[Termination "bipe137 won on time"]

1. d4 Nf6 2. c4 Nc6 3. Nf3 e6 4. Nc3 Bb4 5. Qc2 d6 6. g3 O-O 7. Bg2 e5 8. dxe5 dxe5 9. O-O Nd4 10. Nxd4 exd4 11. Ne4 Bf5 12. Bg5 Bxe4 13. Bxe4 h6 14. Bxf6 Qxf6 15. a3 Bd6 16. c5 Be7 17. b4 c6 18.
Rad1 Rad8 19. Qc4 Qe5 20. Bb1 Bf6 21. Rd2 h5 22. Qd3 g6 23. h4 Rfe8 24. Rfd1 Re7 25. Ba2 Rde8 26. Qxg6+ Kf8 27. Qh7 Bg7 28. Rxd4 Qxe2 29.
R4d2 Qf3 30. Bc4 Re1+ 31. Rxe1 Rxe1+ 32. Bf1 Qf6 33. Qd3 1-0

[Event "Early-Titled-Tuesday-Blitz-February-20-2024"]
[Site "Chess.com"]
[Date "2024.02.20"]
[Round "4"]
[White "Ishowmoves57"]
[Black "treadstone_71"]
[Result "0-1"]
[WhiteElo "2141"]
[BlackElo "2334"]
[TimeControl "180+1"]
[EndTime "8:38:48 PST"]
[Termination "treadstone_71 won by checkmate"]

1. e4 c5 2. Nf3 Nc6 3. b3 e5 4. Nc3 g6 5. Nd5 Bg7 6. Be2 d6 7. O-O Nge7 8. c3 O-O 9. Bb2 Nxd5 10. exd5 Ne7 11. c4 h6 12. Ne1 Nf5 13. f4 Nd4 14.
Nc2 exf4 15. Nxd4 cxd4 16. d3 g5 17. Qe1 Be5 18. Qf2 Qf6 19. Rae1 Bf5 20. g4 Bg6 21. Rd1 Rae8 22. Bf3 Qg7 23. Rfe1 b6 24. Be4 f5 25. gxf5 Bxf5 26. Bxf5 Rxf5 27. Re4 g4 28. Rde1 Ref8 29. Bxd4 g3 30. hxg3 fxg3 31. Qb2 g2 32. Bxe5 Rf1+ 33. Kh2 g1=Q+ 34. Kh3 R1f3+ 35. Kh4 Q7g5# 0-1

[Event "Early-Titled-Tuesday-Blitz-February-20-2024"]
[Site "Chess.com"]
[Date "2024.02.20"]
[Round "4"]
[White "RCone"]
[Black "tarno17"]
[Result "0-1"]
[WhiteElo "2425"]
[BlackElo "2146"]
[TimeControl "180+1"]
[EndTime "8:38:49 PST"]
[Termination "tarno17 won on time"]

1. e4 c5 2. Nc3 a6 3. g3 e6 4. Bg2 Nc6 5. d3 d6 6. f4 Nf6 7. Nf3 Be7 8. a4 Qc7 9. O-O b6 10. h3 Bb7 11. Ne2 O-O 12. g4 b5 13. Ng3 Nd4 14. g5 Nd7 15. Be3 Nxf3+ 16. Qxf3 d5 17. Qg4 c4 18. Rf2 cxd3 19. cxd3 bxa4 20. Rxa4 Bc5 21.
Bxc5 Nxc5 22. Ra3 Qb6 23. e5 d4 24. Bxb7 Qxb7 25. Qf3 Qb4 26. Ne4 Rac8 27. Nd6 Rc7 28.
Kg2 Nb3 29. h4 Nd2 30. Qe2 Rc2 0-1

[Event "Early-Titled-Tuesday-Blitz-February-20-2024"]
[Site "Chess.com"]
[Date "2024.02.20"]
[Round "4"]
[White "Denis_Makhnyov"]
[Black "vovachesss"]
[Result "1-0"]
[WhiteElo "3027"]
[BlackElo "2822"]
[TimeControl "180+1"]
[EndTime "8:38:52 PST"]
[Termination "Denis_Makhnyov won on time"]

1. d4 d6 2. Nf3 Nf6 3. c4 g6 4. g3 Bg7 5. Bg2 O-O 6. O-O Bf5 7. Nh4 Be4 8. Bh3 Bc6 9. d5 Bd7 10. Bg2 a6 11. Qc2 c5 12. a4 Qc7 13. Nc3 e5 14. e4 Re8 15. Bg5 a5 16. Rae1 Na6 17. h3 Nb4 18.
Qd2 h5 19. Bh6 Nh7 20. Re2 Qd8 21. Bxg7 Kxg7 22. f4 exf4 23. Qxf4 Qe7 24. e5 Nd3 25. exd6 Nxf4 26. Rxe7 Rxe7 27. dxe7 1-0

[Event "Early-Titled-Tuesday-Blitz-February-20-2024"]
[Site "Chess.com"]
[Date "2024.02.20"]
[Round "4"]
[White "Larina_Maria"]
[Black "tetrix83"]
[Result "0-1"]
[WhiteElo "2284"]
[BlackElo "2509"]
[TimeControl "180+1"]
[EndTime "8:38:52 PST"]
[Termination "tetrix83 won by resignation"]

1. e4 c5 2. Nc3 Nc6 3. Bb5 Nd4 4. Nf3 a6 5. Bd3 g6 6. Nxd4 cxd4 7. Ne2 Bg7 8. c3 dxc3 9. dxc3 d6 10. O-O Nf6 11. Nd4 O-O 12. Bg5 Qc7 13. Qd2 Re8 14. a4 b6 15. Qe2 Bb7 16. Kh1 e5 17. Nf3 d5 18.
Bxf6 Bxf6 19. Rfe1 Bg7 20. exd5 Bxd5 21. Ng5 e4 22. Bxa6 h6 23. Nh3 Rxa6 24. Qxa6 Bc4 25. Rxe4 Bxa6 26. Rxe8+ Kh7 27. Rae1 Bf6 28. Kg1 Bb7 29. f3 Bc6 30. R8e2 Bxa4 31. Nf2 Bb5 32. Ne4 Bg7 33. Rd2 Qe5 34. h4 Qf4 35. Nf2 Qxd2 0-1